 Dungeon Crawl Stone Soup version 0.24.0-41-g2ae2f7f1be (webtiles) character file.

Game seed: 12111079668321996236, levelgen mode: deterministic

309 ReteAZ the Chopper (level 6, -16/57 HPs)
             Began as a Deep Dwarf Fighter on Dec 12, 2019.
             Demolished by an ogre
             ... wielding a +0 giant club
              (18 damage)
             ... on level 4 of the Dungeon.
             The game lasted 00:06:18 (952 turns).

ReteAZ the Chopper (Deep Dwarf Fighter)              Turns: 952, Time: 00:06:19

Health: -16/57     AC:  8    Str: 21    XL:     6   Next: 17%
Magic:  6/6        EV:  7    Int:  9    God:
Gold:   100        SH: 10    Dex: 12    Spells: 5/5 levels left

rFire    + . .     SeeInvis .   a - +0 war axe
rCold    . . .     Gourm    .   c - +0 shield
rNeg     . . .     Faith    .   b - +0 scale mail
rPois    .         Spirit   .   (no helmet)
rElec    .         Reflect  .   (no cloak)
rCorr    .         Harm     .   (no gloves)
MR       .....                  m - +0 pair of boots
Stlth    ..........             (no amulet)
HPRegen  0.00/turn              h - ring of protection from fire
MPRegen  0.10/turn              (no ring)

@: non-regenerating
A: damage resistance, heal wounds, sense surroundings 1, no regeneration
a: Heal Wounds


You were on level 4 of the Dungeon.
You were not hungry.

You visited 1 branch of the dungeon, and saw 4 of its levels.
You also visited: Sewer.

You collected 100 gold pieces.

Inventory:

Hand Weapons
 a - a +0 war axe (weapon)
Missiles
 o - 26 stones (quivered)
Armour
 b - a +0 scale mail (worn)
 c - a +0 shield (worn)
 m - a +0 pair of boots (worn)
Jewellery
 h - a ring of protection from fire (left hand)
Scrolls
 i - a scroll of magic mapping
 l - a scroll of identify {unknown}
 p - 2 scrolls of teleportation
 r - a scroll of acquirement {unknown}
Potions
 d - 3 potions of might
 e - a potion of brilliance {unknown}
 g - a potion of agility {unknown}
 k - a potion of resistance {unknown}
 q - 4 potions of flight
Comestibles
 f - 3 rations
 j - 4 chunks of flesh


   Skills:
 + Level 3.6 Fighting
 * Level 4.8 Axes
 + Level 4.4 Armour
 + Level 4.5 Shields


You had 5 spell levels left.
You didn't know any spells.
Your spell library was empty.

Dungeon Overview and Level Annotations

Branches:
Dungeon (4/15)              Sewer (visited)
 Temple: D:4-7

Altars:
Hepliaklqana
Nemelex Xobeh
Xom

Shops:
D:4 (


Innate Abilities, Weirdness & Mutations

You are resistant to damage.
You can heal yourself by infusing magical energy.
You passively map a small area around you.
You do not regenerate.


Message History

The ogre is almost dead.
You block the ogre's attack.
You closely miss the ogre.
The ogre is almost dead.
You are no longer poisoned.
You block the ogre's attack.
Some of the chunks of flesh in your inventory have rotted away.
Your shield and scale mail prevent you from hitting the ogre.
The ogre is almost dead.
The ogre hits you with a +0 giant club.
* * * LOW HITPOINT WARNING * * *
You barely miss the ogre.
The ogre is almost dead.
The ogre closely misses you.
You hit the ogre.
The ogre is almost dead.
The ogre hits you with a +0 giant club!
* * * LOW HITPOINT WARNING * * *
The ogre hits you with a +0 giant club!!
You die...

,,,#........#.......,* *,,,,,,,,
.,,#........+......,,* *,,,,,,,,
..*#.............#**** *,,,,,,,,
..##.............# *,,,,,,,,
.......≈≈≈.......# *,,,,,***
......≈≈≈≈≈......# *,,,,,*
#+##..≈≈.≈≈......# *,,,,,*
......≈≈≈≈≈..##..# *,,,,,*
.......≈≈≈...+..@########,,,,,*
.............#.†#O.......,,,,,***
.............#..#........,,,,,*,,
.............####........,,,,,*,,
.............#,,#.%_.....,,,,,*,,
.............#,,#........,,,,,*,,
.....≈......,*,,#.....>..,,,,,*,,
≈≈###≈##$.,,,*,,#......##******,,
.≈≈,,≈≈≈,,,,,*,,#......#,,,,,,,,,


You could see an ogre.

Vanquished Creatures
  A scorpion (D:4)
  A howler monkey (D:4)
  A merfolk siren (Sewer)
  A merfolk avatar (Sewer)
  A worker ant (D:4)
  9 adders
  3 river rats (Sewer)
  A worm (D:4)
  A dart slug (D:3)
  3 leopard geckos
  An orc (D:3)
  4 ball pythons
  A giant cockroach (Sewer)
  4 hobgoblins
  A kobold (D:1)
  A ball python skeleton (D:4)
  2 frilled lizards
  25 rats
61 creatures vanquished.

Notes
Turn   | Place    | Note
-------+----------+-------------------------------------------
     0 | D:1      | ReteAZ the Deep Dwarf Fighter began the quest for the Orb.
     0 | D:1      | Reached XP level 1. HP: 20/20 MP: 1/1
    94 | D:2      | Reached XP level 2. HP: 27/27 MP: 2/2
   154 | D:2      | Found a sparkling altar of Nemelex Xobeh.
   192 | D:3      | Reached XP level 3. HP: 33/33 MP: 3/3
   353 | D:4      | Found Kallav's Antique Weapon Emporium.
   376 | D:4      | Found a shimmering altar of Xom.
   423 | D:4      | Reached XP level 4. HP: 34/42 MP: 4/4
   442 | D:4      | Reached XP level 5. HP: 39/49 MP: 5/5
   486 | D:4      | Found a glowing drain.
   495 | Sewer    | Entered a sewer
   854 | Sewer    | Reached XP level 6. HP: 45/56 MP: 6/6
   923 | D:4      | Found a hazy altar of Hepliaklqana.
   952 | D:4      | HP: 2/57 [ogre/+0 giant club (15)]
   952 | D:4      | Demolished by an ogre

Levels and vault maps discovered:
D:1:      grunt_arrival_crossed_arrows, layout_basic
D:2:      layout_loops_cross, old_standard_altar, serial_rivers,
          chequers_serial_rivers_large_b, chequers_serial_rivers_room_a,
          chequers_serial_rivers_large_a, chequers_serial_rivers_micro_e,
          nemelex_diamond_rough_becter
D:3:      layout_basic, uniq_natasha
D:4:      layout_gridville, overflow_temple_1_default, portal_sewer_entry_a,
          serial_shops, shop, chequers_arboretum,
          chequers_serial_rivers_small_b, xom_teletrap_fun

Skill      XL: |  1  2  3  4 |
---------------+-------------+-----
Axes           | 3 4 |  4.8
Fighting       | 3 |  3.6
Armour         | 4 |  4.4
Shields        | 4 |  4.5

Action                   |  1- 3 |  4- 6 || total
-------------------------+-------+-------++-------
Melee: War axe           |    39 |   173 ||   212
Throw: Dart              |       |    20 ||    20
 Abil: Heal Wounds       |       |     1 ||     1
  Use: Scroll            |     2 |       ||     2
  Eat: Chunk             |       |     1 ||     1
Armor: Scale mail        |     9 |    73 ||    82
Dodge: Dodged            |     6 |    47 ||    53
Block: Shield            |    22 |   105 ||   127
